 Dungeon Crawl Stone Soup version 0.25-a0-613-gf4b266557c (webtiles) character file.

Game seed: 12157016094554796117, levelgen mode: deterministic

263 Kohma the Digger (level 6, -3/32 HPs)
             Began as a Gargoyle Earth Elementalist on Mar 17, 2020.
             Slain by an orc warrior
             ... wielding a +1 glaive of flaming
              (4 damage)
             ... on level 4 of the Dungeon.
             The game lasted 00:10:10 (3182 turns).

Kohma the Digger (Gargoyle Earth Elementalist)      Turns: 3182, Time: 00:10:11

Health: -3/32      AC:  6    Str: 11    XL:     6   Next: 19%
Magic:  3/11       EV: 12    Int: 18    God:
Gold:   173        SH:  0    Dex: 10    Spells: 6/12 levels left

rFire    . . .     SeeInvis .   e - +0 short sword
rCold    . . .     Gourm    .   (no shield)
rNeg     + . .     Faith    .   c - +0 robe
rPois    ∞         Spirit   .   (no helmet)
rElec    +         Reflect  .   (no cloak)
rCorr    .         Harm     .   (no gloves)
MR       .....                  (no boots)
Stlth    ++........             (no amulet)
HPRegen  0.10/turn              (no ring)
MPRegen  0.12/turn              (no ring)

@: no status effects
A: negative energy resistance 1, electricity resistance, unbreathing,
petrification resistance, rot immunity, AC +4
a: no special abilities


You were on level 4 of the Dungeon.
You were not hungry.

You visited 1 branch of the dungeon, and saw 4 of its levels.

You collected 173 gold pieces.

Inventory:

Hand Weapons
 e - a +0 short sword (weapon)
 p - a +0 hunting sling
Missiles
 b - 66 stones
 g - 13 poisoned darts (quivered)
 o - 33 sling bullets
Armour
 c - a +0 robe (worn)
Jewellery
 q - an uncursed amulet of harm {unknown}
Scrolls
 f - 3 scrolls of enchant weapon {unknown}
 h - 4 scrolls of identify {unknown}
 k - 4 scrolls of teleportation {unknown}
 l - 2 scrolls of random uselessness {unknown}
 m - 2 scrolls of remove curse {unknown}
 s - a scroll of fear {unknown}
Potions
 a - 3 potions of stabbing {unknown}
 i - 3 potions of mutation {unknown}
 j - 2 potions of haste {unknown}
 n - a potion of might {unknown}
 r - 2 potions of berserk rage {unknown}
 t - a potion of flight {unknown}
 u - a potion of brilliance {unknown}
Comestibles
 d - 2 rations
 v - a chunk of flesh


   Skills:
 - Level 1.5 Dodging
 - Level 2.1 Stealth
 + Level 3.6 Spellcasting
 - Level 2.4 Conjurations
 - Level 1.0 Transmutations
 + Level 6.1 Earth Magic


You had 6 spell levels left.
You knew the following spells:

 Your Spells              Type           Power        Failure   Level  Hunger
a - Sandblast             Erth           ####..       1%          1    None
b - Passwall              Tmut/Erth      ###.....     5%          2    ##.....
c - Stone Arrow           Conj/Erth      ###...       8%          3    ###....

Your spell library contained the following spells:

 Spells                   Type           Power        Failure   Level  Hunger
 Petrify                  Tmut/Erth      ###.....     34%         4    ####...
 Lee's Rapid Deconstruct  Erth           ####......   34%         5    ######.


Dungeon Overview and Level Annotations

Branches:
Dungeon (4/15)
 Temple: D:4-7

Altars:
Dithmenos
Qazlal
Zin
The Shining One


Innate Abilities, Weirdness & Mutations

You are resistant to torment.
Your stone body is resilient. (AC +4)
You are immune to poison.
You resist negative energy. (rN+)
You are resistant to electric shocks. (rElec)
You can survive without breathing.
You are immune to petrification.
You are immune to rotting.


Message History

The orc warrior is too close now for your liking.
Casting: Stone Arrow (safe; 8% risk of failure)
Confirm with . or Enter, or press ? or * to list all spells.
Aiming: Stone Arrow (safe; 8% risk of failure)
Press: ? - help, Shift-Dir - straight line, f - orc warrior
Aim: an orc warrior, wielding a +1 glaive of flaming and wearing a +0 plate armour The stone arrow misses the orc warrior.
The orc warrior hits you from afar with a +1 glaive of flaming!
The orc warrior burns you.
Casting: Stone Arrow (safe; 8% risk of failure)
Confirm with . or Enter, or press ? or * to list all spells.
Aiming: Stone Arrow (safe; 8% risk of failure)
Press: ? - help, Shift-Dir - straight line, f/p - orc warrior
Aim: an orc warrior, wielding a +1 glaive of flaming and wearing a +0 plate armour The stone arrow misses the orc warrior.
The orc warrior hits you from afar with a +1 glaive of flaming!
Ouch! That really hurt!
* * * LOW HITPOINT WARNING * * *
The orc warrior burns you.
You die...

.. #### #.##
######.... #...
.....#... #.#..# #
.....#.. #.#..####.#
.....#.# #.#..#....#
.....#.#
#.#..#.#####
.......#
#.#...@....#
###....#
#.##o#####.#
#....####........#
#.............#....#
#.............######
#.................#
#...........#####.#
##..........#
#..........#


You could see an orc warrior.

Vanquished Creatures
  A phantom (D:4)
  An orc wizard (D:4)
  A worker ant (D:3)
  4 adders
  2 oozes (D:2)
  5 worms
  A leopard gecko (D:1)
  7 orcs
  5 giant cockroaches
  6 goblins
  4 hobgoblins
  2 jackals (D:2)
  4 ball pythons
  5 bats
  4 frilled lizards
  6 kobolds
  A quokka skeleton (D:4)
  8 rats
67 creatures vanquished.

Notes
Turn   | Place    | Note
-------+----------+-------------------------------------------
     0 | D:1      | Kohma the Gargoyle Earth Elementalist began the quest for
                  | the Orb.
     0 | D:1      | Reached XP level 1. HP: 10/10 MP: 3/3
   236 | D:1      | Reached skill level 4 in Earth Magic
   296 | D:1      | Reached XP level 2. HP: 15/15 MP: 3/5
   614 | D:1      | Learned a level 2 spell: Passwall
   723 | D:2      | Reached skill level 1 in Transmutations
   723 | D:2      | Reached XP level 3. HP: 16/19 MP: 2/6
   926 | D:2      | Reached skill level 5 in Earth Magic
   926 | D:2      | Reached XP level 4. HP: 24/24 MP: 6/8
   950 | D:2      | Learned a level 3 spell: Stone Arrow
  1211 | D:2      | Found a stormy altar of Qazlal.
  1761 | D:3      | Found a glowing golden altar of the Shining One.
  1826 | D:3      | Found a shadowy altar of Dithmenos.
  2043 | D:3      | Reached skill level 1 in Conjurations
  2100 | D:3      | Reached XP level 5. HP: 28/28 MP: 2/9
  2612 | D:3      | Found a glowing silver altar of Zin.
  2709 | D:4      | Noticed a phantom
  2779 | D:4      | Killed a phantom
  2779 | D:4      | Reached skill level 6 in Earth Magic
  2779 | D:4      | Reached XP level 6. HP: 29/32 MP: 0/11
  2878 | D:4      | Noticed an orc warrior
  3182 | D:4      | HP: 1/32 [orc warrior/+1 glaive of flaming (17)]
  3182 | D:4      | Slain by an orc warrior

Levels and vault maps discovered:
D:1:      lightli_arrival_boilingwater, layout_basic
D:2:      layout_rooms, old_standard_altar, chequers_serial_rivers_room_a
D:3:      layout_basic, lemuel_coloured_pillars_altar,
          nicolae_tso_carved_into_rock, lemuel_doored_altar,
          kennysheep_generic_room_6
D:4:      layout_basic, gammafunk_temple_overflow_elements

Skill      XL: |  1  2  3  4  5 |
---------------+----------------+-----
Earth Magic    | 4 5 6 |  6.1
Transmutations | 1 |  1.0
Spellcasting   | 3 |  3.6
Conjurations   | 1 2 |  2.4
Dodging        | |  1.5
Stealth        | |  2.1

Action                   |  1- 3 |  4- 6 || total
-------------------------+-------+-------++-------
Melee: Short sword       |    62 |    70 ||   132
Throw: Dart              |    46 |     1 ||    47
 Cast: Sandblast         |    17 |     7 ||    24
       Stone Arrow       |       |    38 ||    38
  Eat: Chunk             |       |     8 ||     8
       Ration            |       |     1 ||     1
Armor: Robe              |    31 |    20 ||    51
Dodge: Dodged            |    53 |    44 ||    97

Table legend:
 A = Non-vault XP
 B = Vault XP
 C = Vault XP percentage of total XP
 D = Non-vault monster count
 E = Vault monster count
 F = Vault count percentage of total count
                 A         B        C        D         E       F
            +---------+---------+-------+---------+---------+-------
      Total |     363 |      13 |   3.5 |      66 |       1 |   1.5
            +---------+---------+-------+---------+---------+-------
        D:1 |      22 |       0 |   0.0 |      14 |       0 |   0.0
        D:2 |      80 |       0 |   0.0 |      25 |       0 |   0.0
        D:3 |      96 |      13 |  11.9 |      22 |       1 |   4.3
        D:4 |     165 |       0 |   0.0 |       5 |       0 |   0.0
            +---------+---------+-------+---------+---------+-------
